 Dungeon Crawl Stone Soup version 0.20-a0-641-g673355a (webtiles) character file.

87 AlphabetPasta the Bolt Thrower (level 4, -4/37 HPs)
             Began as a Demigod Hunter on Feb 13, 2017.
             Killed from afar by crawlisdead's ghost (11 damage)
             ... with a flame tongue
             ... on level 3 of the Dungeon.
             The game lasted 00:12:15 (2159 turns).

AlphabetPasta the Bolt Thrower (Demigod Hunter)     Turns: 2159, Time: 00:12:15

Health: -4/37      AC:  8    Str: 17    XL:     4   Next: 7%
Magic:  6/6        EV: 11    Int: 15    God:
Gold:   76         SH:  0    Dex: 16    Spells: 3/3 levels left

rFire    . . .     SeeInvis .   a - +0 hand axe (chop)
rCold    . . .     Gourm    .   j - +0 ring mail
rNeg     . . .     Faith    .   (no shield)
rPois    .         Spirit   .   g - +2 hat
rElec    .         Reflect  .   (no cloak)
rCorr    .         Harm     .   o - +0 pair of gloves
MR       .....                  (no boots)
Stlth    +.........             (no amulet)
Regen    0.2/turn               (no ring)
MPRegen  0.1/turn               (no ring)

@: no status effects
A: high mp 1
a: no special abilities


You were on level 3 of the Dungeon.
You were not hungry.

You visited 1 branch of the dungeon, and saw 3 of its levels.

You collected 76 gold pieces.

Inventory:

Hand Weapons
 a - a +0 hand axe of chopping (weapon)
 b - a +1 hand crossbow
 m - a +0 glaive
 n - a +0 short sword
Missiles
 d - 28 bolts
 h - 10 javelins (quivered)
Armour
 c - a +0 leather armour
 g - a +2 hat (worn)
 j - a +0 ring mail (worn)
 o - a +0 pair of gloves (worn)
Potions
 e - a potion of curing {unknown}
 i - a potion of might
Comestibles
 f - 3 bread rations
 k - a royal jelly


   Skills:
 + Level 2.4 Fighting
 * Level 0.8 Axes
 * Level 4.3 Crossbows
 + Level 0.5 Armour
 + Level 2.2 Dodging
 + Level 1.4 Stealth


You had 3 spell levels left.
You didn't know any spells.

Dungeon Overview and Level Annotations

Branches:
Dungeon (3/15)

Annotations:
D:3 crawlisdead's ghost, amateur DsFE


Innate Abilities, Weirdness & Mutations

You have an increased reservoir of magic. (+10% MP)


Message History

Crawlisdead's ghost hits you but does no damage.
You hit crawlisdead's ghost but do no damage.
Crawlisdead's ghost is almost destroyed.
Crawlisdead's ghost gestures at you while chanting.
The flame tongue hits you!
Crawlisdead's ghost whispers, "You will understand me better in a moment."
Crawlisdead's ghost hits you.
You closely miss crawlisdead's ghost.
Crawlisdead's ghost is almost destroyed.
Crawlisdead's ghost barely misses you.
You hit crawlisdead's ghost.
Crawlisdead's ghost is almost destroyed.
Crawlisdead's ghost gestures at you while chanting.
The flame tongue hits you!
* * * LOW HITPOINT WARNING * * *
You are too injured to fight recklessly!
Okay, then.
Crawlisdead's ghost casts a spell at you.
The flame tongue hits you!
You die...

.....#.#.#........#.#.#.#.#......
.....##...........#.#.#.#.#.#####
..................'...#...#......
#.....#...........#.#####.#.#####
#.....#.....###.#.........#.#
............#.#.###########
................#..........
...........#.###.#########
.#...@.....>....##
#....W..........#
.........(.........#
.....#.#.#.........#
.....#.#.#.((......# .#..
..............# ...
........((.....#
...........###(##.## .........#
#.##.#


You could see crawlisdead's ghost.

Vanquished Creatures
  4 adders
  A worm (D:2)
  A leopard gecko (D:3)
  A ball python (D:2)
  2 bats
  A giant cockroach (D:3)
  5 goblins
  5 hobgoblins
  12 jackals
  A frilled lizard (D:1)
  6 kobolds
  5 rats (D:1)
44 creatures vanquished.

Notes
Turn   | Place    | Note
-------+----------+-------------------------------------------
     0 | D:1      | AlphabetPasta the Demigod Hunter began the quest for the Orb.
     0 | D:1      | Reached XP level 1. HP: 17/17 MP: 3/3
   253 | D:1      | Reached XP level 2. HP: 24/24 MP: 4/4
   268 | D:1      | Reached skill level 1 in Stealth
   984 | D:2      | Reached skill level 4 in Crossbows
   984 | D:2      | Reached XP level 3. HP: 17/29 MP: 5/5
  1826 | D:3      | Reached XP level 4. HP: 33/37 MP: 6/6
  1917 | D:3      | Noticed crawlisdead's ghost (amateur DsFE)
  2159 | D:3      | Killed from afar by crawlisdead's ghost

Vault maps used:
D:1:      scummos_arrival_star, interstate_on_off, minivault_5, minivault_4
D:2:      first_bread, serial_bayou_ford_a
D:3:      chequers_ecumenical_altar_simple, uniq_terence, uniq_grinder

Skill      XL: |  1  2 |
---------------+-------+-----
Fighting       | 2 |  2.4
Dodging        | 2 |  2.2
Stealth        | 1 |  1.4
Crossbows      | 4 |  4.3
Axes           | |  0.8
Armour         | |  0.5

Action                   |  1- 3 |  4- 6 || total
-------------------------+-------+-------++-------
Melee: Glaive            |    62 |       ||    62
       Unarmed           |    13 |       ||    13
       Short sword       |     6 |       ||     6
       Hand axe          |    10 |    20 ||    30
 Fire: Hand crossbow     |    39 |    10 ||    49
Throw: Javelin           |     1 |       ||     1
  Use: Scroll            |     4 |       ||     4
       Potion            |     1 |       ||     1
 Stab: Sleeping          |     1 |       ||     1
  Eat: Chunk             |     2 |     1 ||     3
       Fruit             |     1 |       ||     1
Armor: Ring mail         |    61 |    12 ||    73
Dodge: Dodged            |    63 |    19 ||    82
